 Dungeon Crawl Stone Soup version 0.27.1-34-g3ba077fa99 (webtiles) character file.

Game seed: 15319188258147133656

16 Descartes the Grasshopper (level 2, -8/22 HPs)
             Began as a Formicid Warper on Jan 13, 2022.
             Was a Follower of Qazlal.
             Mangled by Crazy Yiuf (14 damage)
             ... on level 2 of the Dungeon.
             The game lasted 00:03:22 (1339 turns).

Descartes the Grasshopper (Formicid Warper)         Turns: 1339, Time: 00:03:24

Health: -8/22      AC: 12    Str: 15    XL:     2   Next: 70%
Magic:  5/5        EV:  6    Int: 12    God:    Qazlal [*.....]
Gold:   51         SH:  2    Dex: 10    Spells: 5/5 levels left

rFire    . . .     SeeInvis +   d - +0 whip (flame)
rCold    . . .     Faith    .   (no shield)
rNeg     . . .     Spirit   .   e - +4 chain mail
rPois    .         Reflect  .   (helmet unavailable)
rElec    .         Harm     .   (no cloak)
rCorr    .         Rampage  .   (no gloves)
Will     .....                  (no boots)
Stlth    ..........             (no amulet)
HPRegen  0.07/turn              (no ring)
MPRegen  0.09/turn              (no ring)

@: no status effects
A: permanent stasis, dig shafts and tunnels, antennae 3, four strong arms
a: Dig, Shaft Self, Renounce Religion


You were on level 2 of the Dungeon.
You worshipped Qazlal.
Qazlal was aware of your devotion.
You visited 1 branch of the dungeon, and saw 2 of its levels.

You collected 51 gold pieces.

Inventory:

Hand Weapons
 d - a +0 whip of flaming (weapon)
 i - a +0 hunting sling
Missiles
 b - 50 arrows
 c - 5 boomerangs of dispersal (quivered)
 g - 12 sling bullets
Armour
 e - a +4 chain mail (worn)
Scrolls
 a - 4 scrolls of identify {unknown}
Potions
 f - a potion of degeneration {unknown}
 h - 2 potions of lignification {unknown}


   Skills:
 - Level 2.1 Fighting
 - Level 2.0 Maces & Flails
 - Level 1.0 Throwing
 + Level 1.7 Armour
 - Level 1.7 Dodging
 + Level 2.4 Spellcasting
 + Level 3.0 Translocations
 + Level 0.4 Invocations


You had 5 spell levels left.
You didn't know any spells.
Your spell library contained the following spells:

 Spells                   Type           Power      Damage    Failure   Level
 Gell's Gravitas          Tloc           4%         N/A       99%         3
 Lesser Beckoning         Tloc           4%         N/A       99%         3
 Teleport Other           Tloc           8%         N/A       99%         3
 Manifold Assault         Tloc           8%         N/A       100%        5
 Blink                    Tloc           Unusable   N/A       N/A         2

Dungeon Overview and Level Annotations

Branches:
Dungeon (2/15)

Altars:
Qazlal

Annotations:
D:2 Crazy Yiuf


Innate Abilities, Weirdness & Mutations

You cannot be hasted, slowed, berserked, paralysed or teleported.
You can dig through walls and to a lower floor.
You have a pair of large antennae on your head. (SInv)
Your four strong arms can wield two-handed weapons with a shield.


Message History

You hit the kobold but do no damage. The kobold completely misses you.
You hit the kobold. You burn the kobold.
You kill the kobold!
Qazlal accepts your kill.
No target in view!
No target in view!
No target in view!
No target in view!
No target in view!
No target in view!
No target in view!
No target in view!
No target in view!
No target in view!
No target in view!
No target in view!
No target in view!
No target in view!
No target in view!
Things that are here:
a +0 club; a kobold corpse
Found a stone staircase leading up.
Found a mace.
Found a runed translucent door.
Crazy Yiuf shouts!
You sense a monster nearby.
As you open the door, it creaks loudly!
You hit Crazy Yiuf. You burn Crazy Yiuf.
Crazy Yiuf is lightly wounded.
Crazy Yiuf hits you but does no damage.
Your chain mail prevents you from hitting Crazy Yiuf.
Crazy Yiuf is lightly wounded.
Crazy Yiuf hits you with a +2 quarterstaff of chaos!
You resist with significant effort.
You closely miss Crazy Yiuf.
Crazy Yiuf is lightly wounded.
Crazy Yiuf hits you with a +2 quarterstaff of chaos.
* * * LOW HITPOINT WARNING * * *
You are electrocuted!
Ouch! That really hurt!
You die...

.#####.>...........<.####
#...........).............
{#########.########..######
### ##.###### #.......
##..#### ### ♣♣###...#
#)..#♣♣ ♣♣.....#.#
#...g@♣♣♣♣......#..#
#...#♣..♣......##..# ###
♣♣♣.♣....## ... ♣♣♣♣♣###
.#.# .#..


You could see Crazy Yiuf.

Vanquished Creatures
  An endoplasm (D:2)
  2 giant cockroaches
  2 goblins (D:1)
  2 hobgoblins (D:1)
  A bat (D:1)
  A frilled lizard (D:1)
  3 kobolds
  3 rats
15 creatures vanquished.

Notes
Turn   | Place    | Note
-------+----------+-------------------------------------------
     0 | D:1      | Descartes the Formicid Warper began the quest for the Orb.
     0 | D:1      | Reached XP level 1. HP: 16/16 MP: 3/3
   411 | D:1      | Found a faded altar of an unknown god.
   411 | D:1      | Noticed an eye of devastation
   415 | D:1      | Noticed a shining eye
   421 | D:1      | Noticed an eye of devastation
   429 | D:1      | Noticed an eye of devastation
   434 | D:1      | Became a worshipper of Qazlal Stormbringer
   434 | D:1      | Reached * piety under Qazlal
   481 | D:1      | Reached XP level 2. HP: 15/22 MP: 5/5
  1302 | D:2      | Reached skill level 3 in Translocations
  1332 | D:2      | Found a runed translucent door.
  1333 | D:2      | Noticed Crazy Yiuf
  1339 | D:2      | Mangled by Crazy Yiuf

Illustrated notes

Levels and vault maps discovered:
D:1:      dpeg_arrival_chambers_temple_mockup, layout_basic,
          hellmonk_ecumenical_altar_watching_god, roderic_roman_lattice
D:2:      layout_basic, uniq_robin, uniq_crazy_yiuf_cottage, uniq_sigmund

Skill      XL: |  1  2 |
---------------+-------+-----
Translocations | 3 |  3.0
Fighting       | |  2.1
Maces & Flails | |  2.0
Throwing       | |  1.0
Armour         | |  1.7
Dodging        | |  1.7
Spellcasting   | |  2.4
Invocations    | |  0.4

Action                   || total
-------------------------++-------
Melee: Whip              ||    75
       Mace              ||     2
Armor: Chain mail        ||    42
       Leather armour    ||     3
Dodge: Dodged            ||    26
Block: Other             ||     3
